 Dungeon Crawl Stone Soup version 0.29-a0-993-g4a18f31a58 (webtiles) character file.

Game seed: 12137869732926642410

1173 xian the Covered (level 8, 0/56 (61) HPs)
             Began as a Demonspawn Fighter on Aug 2, 2022.
             Was a Believer of Okawaru.
             Slain by a necrophage (5 damage)
             ... on level 6 of the Dungeon.
             The game lasted 00:15:22 (6540 turns).

xian the Covered (Demonspawn Fighter)               Turns: 6540, Time: 00:15:23

HP:   0/56 (61)     AC: 12    Str: 17    XL:     8   Next: 18%
MP:   8/8           EV:  7    Int: 10    God:    Okawaru [**....]
Gold: 330           SH:  5    Dex: 12    Spells: 7/7 levels left

rFire   . . .      SeeInvis .   f - +1 dagger (drain)
rCold   . . .      Faith    +   c - +0 buckler
rNeg    . . .      Spirit   .   n - +0 chain mail
rPois   .          Reflect  .   (no helmet)
rElec   .          Harm     .   (no cloak)
rCorr   .          Rampage  .   (no gloves)
Will    .....      Rage     3%  (no boots)
Stlth   ..........              o - amulet of faith
HPRegen 0.18/turn               l - ring of flight
MPRegen 0.11/turn               p - +4 ring of protection

@: flying, drained
A: slimy green scales 1, ignite blood 2, powered by pain 1, berserk 1, deformed
body, weak 1
a: Renounce Religion, Heroism


You were on level 6 of the Dungeon.
You worshipped Okawaru.
Okawaru was pleased with you.
You visited 2 branches of the dungeon, and saw 7 of its levels.

You collected 330 gold pieces.

Inventory:

Hand Weapons
 a - a +0 war axe
 f - a +1 dagger of draining (weapon)
Missiles
 z - 2 poisoned darts (quivered)
Armour
 b - a +0 scale mail
 c - a +0 buckler (worn)
 n - a +0 chain mail (worn)
 s - the +4 robe "Cyfupn" {Contam rC+ Will+}
   (You found it on level 3 of the Dungeon)

   rC:        It protects you from cold.
   Contam:    It causes magical contamination when unequipped.
   Will:      It increases your willpower.
Jewellery
 l - a ring of flight (left hand)
 m - a ring of poison resistance
 o - an amulet of faith (around neck)
 p - a +4 ring of protection (right hand)
 x - a +6 ring of intelligence
Wands
 d - a wand of flame (20)
Scrolls
 i - 3 scrolls of teleportation
 r - 2 scrolls of fear
 t - 2 scrolls of enchant weapon
 u - a scroll of amnesia
 v - a scroll of enchant armour {unknown}
 w - 3 scrolls of blinking
 y - a scroll of magic mapping {unknown}
Potions
 e - a potion of invisibility
 g - 4 potions of haste
 h - a potion of flight {unknown}
 j - a potion of curing
 k - 2 potions of heal wounds {unknown}
 q - 3 potions of lignification


   Skills:
 + Level 4.8 Fighting
 + Level 4.1 Short Blades
 + Level 2.6 Axes
 + Level 5.9 Armour
 + Level 1.8 Dodging
 + Level 1.3 Stealth
 + Level 4.0 Shields


You had 7 spell levels left.
You didn't know any spells.
Your spell library contained the following spells:

 Spells                   Type           Power      Damage    Failure   Level
 Slow                     Hex            0%         N/A       99%         1


Dungeon Overview and Level Annotations

Branches:
Dungeon (6/15)             Temple (1/1) D:5

Altars:
Dithmenos
Fedhas
Gozag
Hepliaklqana
Kikubaaqudgha
Makhleb
Okawaru
Uskayaw
Vehumet
Xom
Yredelemnul

Shops:
D:1 ?!=

Annotations:
D:1 Rings and scrolls


Innate Abilities, Weirdness & Mutations

You are partially covered in slimy green scales. (AC +2)
Your demonic aura often causes spilled blood to erupt in flames.
You sometimes gain a little power by taking damage.
You sometimes lose your temper in combat.
Armour fits poorly on your strangely shaped body.
You are weak. (Str -2)


Message History

The necrophage hits you but does no damage.
You hit the necrophage.
The necrophage is heavily damaged.
The necrophage hits you.
* * * LOW HITPOINT WARNING * * *
You feel drained.
* * * LOW HITPOINT WARNING * * *
You hit the necrophage.
The necrophage is severely damaged.
You hit the necrophage.
The necrophage is severely damaged.
The necrophage barely misses you.
You hit the necrophage.
The necrophage is almost destroyed.
The necrophage hits you.
* * * LOW HITPOINT WARNING * * *
You feel better. The necrophage barely misses you.
You closely miss the necrophage.
The necrophage is almost destroyed.
You block the necrophage's attack.
You completely miss the necrophage.
The necrophage is almost destroyed.
The necrophage hits you.
* * * LOW HITPOINT WARNING * * *
You feel drained.
You barely miss the necrophage.
The necrophage is almost destroyed.
The necrophage hits you.
* * * LOW HITPOINT WARNING * * *
You feel drained.
* * * LOW HITPOINT WARNING * * *
You closely miss the necrophage.
The necrophage is almost destroyed.
You hit the necrophage.
The necrophage is almost destroyed.
You block the necrophage's attack.
You barely miss the necrophage.
The necrophage is almost destroyed.
The necrophage hits you.
You die...

.. ##.######
.........##
............##
.............#
.............#
...........n.#
............@#
.............#
...........$##
#..........##
####....####
####.#
####.#####
##....#...##
##..........##


You could see a necrophage.

Vanquished Creatures
  2 water moccasins
  3 centaurs
  3 necrophages
  4 hounds
  A jelly (D:5)
  An orc priest (D:3)
  An iguana (D:5)
  Jessica (D:3)
  Ijyb (D:3)
  Terence (D:3)
  3 orc wizards
  4 gnolls (D:6)
  3 adders
  An ufetubus (D:5)
  2 worms
  4 dart slugs
  18 orcs
  7 ball pythons
  5 endoplasms
  3 giant cockroaches
  12 goblins
  3 hobgoblins
  3 jackals (D:2)
  4 kobolds
  7 quokkas
  2 bats (D:2)
  2 frilled lizards
  4 rats
105 creatures vanquished.

Vanquished Creatures (others)
  A plant (D:5)
1 creature vanquished.

Grand Total: 106 creatures vanquished

Notes
Turn   | Place    | Note
-------+----------+-------------------------------------------
     0 | D:1      | xian the Demonspawn Fighter began the quest for the Orb.
     0 | D:1      | Reached XP level 1. HP: 18/18 MP: 1/1
   118 | D:1      | Found Musot's Distillery.
   148 | D:1      | Found Fowereod's Magic Scroll Boutique.
   274 | D:1      | Gained mutation: You are partially covered in slimy green
                  | scales. (AC +2) [demonic ancestry]
   274 | D:1      | Reached XP level 2. HP: 24/24 MP: 2/2
   585 | D:1      | Found Wuyrr's Jewellery Shop.
   688 | D:1      | Found a faded altar of an unknown god.
   749 | D:1      | Reached skill level 3 in Armour
  1111 | D:2      | Found a hide-covered altar of Uskayaw.
  1329 | D:2      | Reached XP level 3. HP: 20/29 MP: 3/3
  2042 | D:3      | Noticed Terence
  2054 | D:3      | Killed Terence
  2055 | D:3      | Reached XP level 4. HP: 24/35 MP: 4/4
  2386 | D:3      | Noticed Ijyb
  2412 | D:3      | Killed Ijyb
  2413 | D:3      | Reached skill level 1 in Short Blades
  2791 | D:3      | Identified the +4 robe "Cyfupn" {Contam rC+ Will+}
  2914 | D:3      | Gained mutation: Armour fits poorly on your strangely
                  | shaped body. [potion of mutation]
  2914 | D:3      | Gained mutation: Your spells are a little easier to cast,
                  | but a little less powerful. [potion of mutation]
  3327 | D:3      | Gained mutation: Your demonic aura sometimes causes spilled
                  | blood to erupt in flames. [demonic ancestry]
  3327 | D:3      | Reached XP level 5. HP: 10/41 MP: 5/5
  3562 | D:3      | Lost mutation: Armour fits poorly on your strangely shaped
                  | body. [potion of mutation]
  3562 | D:3      | Lost mutation: Your spells are a little easier to cast, but
                  | a little less powerful. [potion of mutation]
  3562 | D:3      | Gained mutation: Armour fits poorly on your strangely
                  | shaped body. [potion of mutation]
  3562 | D:3      | Gained mutation: You sometimes lose your temper in combat.
                  | [potion of mutation]
  3562 | D:3      | Gained mutation: You are weak. (Str -2) [potion of
                  | mutation]
  3581 | D:3      | Noticed Jessica
  3586 | D:3      | Killed Jessica
  3596 | D:3      | Got Jessica's Excursus on Execration
  3993 | D:4      | Reached skill level 4 in Armour
  4173 | D:4      | Gained mutation: You sometimes gain a little power by
                  | taking damage. [demonic ancestry]
  4173 | D:4      | Reached XP level 6. HP: 34/48 MP: 6/6
  4645 | D:5      | Entered Level 5 of the Dungeon
  4747 | D:5      | Found a staircase to the Ecumenical Temple.
  4799 | D:5      | Reached skill level 1 in Dodging
  4832 | Temple   | Entered the Ecumenical Temple
  4883 | Temple   | Became a worshipper of Warmaster Okawaru
  5147 | D:5      | Noticed a water moccasin
  5162 | D:5      | Killed a water moccasin
  5319 | D:5      | Reached * piety under Okawaru
  5324 | D:5      | Reached skill level 1 in Stealth
  5324 | D:5      | Reached XP level 7. HP: 54/54 MP: 7/7
  5423 | D:5      | Found a shadowy altar of Dithmenos.
  5651 | D:5      | Reached skill level 5 in Armour
  5939 | D:6      | Reached ** piety under Okawaru
  6315 | D:6      | Gained mutation: Your demonic aura often causes spilled
                  | blood to erupt in flames. [demonic ancestry]
  6315 | D:6      | Reached XP level 8. HP: 61/61 MP: 8/8
  6540 | D:6      | Slain by a necrophage

Illustrated notes

Levels and vault maps discovered:
D:1:      dpeg_arrival_court, layout_rooms, shapermc_ecumenical_altar_petra,
          serial_forest, infiniplex_forest_clump_C,
          infiniplex_forest_clump_small, infiniplex_forest_end_3,
          infiniplex_forest_join, infiniplex_forest_clump_C,
          infiniplex_forest_fountain, serial_shops, shop, shop, shop
D:2:      layout_basic, basic_altar
D:3:      cheibrodos_helix_gallery, layout_loops_ring, kennysheep_jessica_study,
          uniq_ijyb, uniq_terence
D:4:      layout_rooms
D:5:      layout_basic, mainiacjoe_overflow_brackets,
          minmay_temple_entry_gardened_gates, serial_corexii_hall,
          chequers_hall_statues_wall_a, chequers_hall_statues_corner_a
D:6:      layout_rooms, lemuel_old_faithful
Temple:   nicolae_temple_bog_church

Skill      XL: |  1  2  3  4  5  6  7  8 |
---------------+-------------------------+-----
Axes           | 2 |  2.6
Armour         | 3 4 5 |  5.9
Shields        | 3 4 |  4.0
Short Blades   | 1 2 3 4 |  4.1
Dodging        | 1 |  1.8
Fighting       | 4 |  4.8
Stealth        | 1 |  1.3

Action                   |  1- 3 |  4- 6 |  7- 9 || total
-------------------------+-------+-------+-------++-------
Melee: War axe           |    38 |       |       ||    38
       Dagger            |    59 |   230 |   161 ||   450
Throw: Dart              |       |       |     1 ||     1
  Use: Potion            |     1 |     4 |     2 ||     7
       Scroll            |     1 |     9 |     1 ||    11
Armor: Scale mail        |    48 |    69 |       ||   117
       Chain mail        |       |    32 |   109 ||   141
Dodge: Dodged            |    49 |    81 |    50 ||   180
Block: Buckler           |    16 |    38 |    34 ||    88

Table legend: (Time is in decaauts)
 A = Elapsed time spent in this place.
 B = Non-inter-level travel time spent in this place.
 C = Inter-level travel time spent in this place.
 D = Time resting spent in this place.
 E = Time spent auto-exploring this place.
 F = Levels seen in this place.
 G = Mean time per level.
                   A        B        C        D        E       F      G
               +--------+--------+--------+--------+--------+-----+--------+
         Total |   6556 |   6349 |    207 |    516 |   4553 |   7 |  936.6 |
       Dungeon |   6475 |   6290 |    185 |    516 |   4515 |   6 | 1079.2 |
        Temple |     80 |     58 |     22 |      0 |     38 |   1 |   80.0 |
               +--------+--------+--------+--------+--------+-----+--------+

Top non-repeatable levels by time:
     D:3: 1562 daAuts
     D:2: 1399 daAuts
     D:5: 1180 daAuts
     D:1: 1002 daAuts
     D:4: 698 daAuts
     D:6: 632 daAuts
  Temple: 80 daAuts
